Map: Orbital Shipyard

Players

Nerchio - Winner!

  • Race: Zerg Zerg
  • League: Diamond

Nina (Lillekanin)

  • Race: Terran Terran
  • League: Master

Event: Lycan League Weekly August #3

VOD

Have the link to the VOD?

Description

Time

  • Played on: Aug. 17, 2015, 1:17 p.m.
  • Length: 4:41

All games in this series

Show
View Real Time Build Order
Export as new Build Order

Nerchio Zerg - Winner!

Build Orders: Pool First 

Get SALT Encoding   

  12  0:01  Drone  
  13  0:13  Overlord  
  13  0:18  Drone  
  14  0:31  Drone x2  
  16  0:37  Drone  
  17  0:48  Drone, Spawning Pool  
  17  1:09  Hatchery  
  16  1:14  Drone  
  17  1:21  Drone x2  
  17  1:22  Extractor  
  18  1:31  Overlord  
  18  1:38  Queen  
  20  1:43  Zergling x2  
  21  1:51  Zergling x2  
  22  2:14  Queen  
  22  2:15  Zergling x2  
  24  2:25  Queen  
  26  2:34  Metabolic Boost  
  26  2:37  Zergling x2  
  26  2:39  Zergling x2  
  26  2:44  Spine Crawler  
  26  2:50  Queen  
  26  2:57  Zergling x2  
  26  3:08  Zergling x6  
  26  3:13  Zergling x2  
  26  3:19  Zergling x4  
  29  3:25  Queen  
  31  3:33  Overlord  
  31  3:34  Zergling x6  
  33  3:41  Overlord  
  34  3:47  Zergling x2  
  35  3:58  Zergling x2  
  36  4:05  Drone x4  
  36  4:06  Drone  
  40  4:17  Drone x2  
Show
View Real Time Build Order
Export as new Build Order

Nina Terran 

Build Orders:  

Get SALT Encoding   

  12  0:09  Supply Depot  
  12  0:17  Refinery  
  12  0:37  Barracks  
  12  0:56  Barracks  
  12  1:01  SCV  
  13  1:16  SCV  
  14  1:24  Reaper  
  15  1:37  Orbital Command  
  15  1:58  Reaper  
  15  2:00  Bunker  
  16  2:08  Reaper  
  17  2:13  SCV  
  18  2:30  Reaper  
  18  2:37  SCV  
  20  2:40  Reaper  
  21  2:53  SCV  
  22  3:02  Reaper  
  23  3:09  SCV  
  23  3:17  Supply Depot, Reaper  
  23  3:21  SCV  
  24  3:33  SCV  
  26  3:34  Reaper  
  26  3:37  Command Center  
  26  3:49  Reaper  
  26  3:51  Supply Depot  
  26  4:04  SCV  
  26  4:06  Reaper  
  26  4:08  Supply Depot  
  26  4:11  Supply Depot  
  26  4:16  SCV  
  26  4:26  Factory  
  26  4:29  SCV  

Tags
 
Add a new tag
Caveats
  • Supply blocks, unpowered buildings, or Contaminate may cause inaccurate times.
  • Supply counts are checked every 10 seconds.